 Dungeon Crawl Stone Soup version 0.31-a0-1469-gd420192 (webtiles) character file.

Game seed: 142682772334267220

723 PublicAnimeNo1 the Chiller (level 7, -1/52 HPs)
             Began as a Demonspawn Ice Elementalist on Dec 28, 2023.
             Incinerated by a bombardier beetle (6 damage)
             ... with a burning spray
             ... on level 4 of the Dungeon.
             The game lasted 00:07:14 (3891 turns).

PublicAnimeNo1 the Chiller (DsIE)                   Turns: 3891, Time: 00:07:14

Health: -1/52      AC:  8    Str:  8    XL:     7   Next: 43%
Magic:  13/13      EV: 14    Int: 19    God:
Gold:   240        SH:  0    Dex: 17    Spells: 7/14 levels left

rFire   x . .        w - +8 orcbow "Cecrareq" {flame, Int+2 Dex+3}
rCold   + . .        (shield currently unavailable)
rNeg    . . .        m - +0 leather armour
rPois   .            i - +0 helmet
rElec   .            (no cloak)
rCorr   .            t - +3 pair of gauntlets of War {Slay+5}
SInv    .            (no boots)
Will    .....        (no amulet)
Stlth   +            n - ring of wizardry
HPRegen 0.28/turn    h - ring of ice
MPRegen 0.26/turn

%: wizardry (x1)
@: on fire, glowing
A: repulsion field 2, magic regeneration, condensation shield, weakness stinger
1
a: no special abilities


You were on level 4 of the Dungeon.
You visited 1 branch of the dungeon, and saw 4 of its levels.

You collected 240 gold pieces.

Inventory:

Hand Weapons
 k - a +0 whip
 o - a +0 trident
 w - the +8 orcbow "Cecrareq" (weapon) {flame, Int+2 Dex+3}
   (You acquired it on level 4 of the Dungeon)

   Int+2:     It affects your intelligence (+2).
   Dex+3:     It affects your dexterity (+3).
Armour
 i - a +0 helmet (worn)
 m - a +0 leather armour (worn)
 t - the +3 pair of gauntlets of War (worn) {Slay+5}
   (You acquired it on level 4 of the Dungeon)

   Slay+5:    It affects your accuracy & damage with ranged weapons and melee
   (+5).
Magical Staves
 j - a staff of cold
Jewellery
 h - a ring of ice (right hand)
 n - a ring of wizardry (left hand)
 s - an amulet of faith
Scrolls
 a - a scroll of identify
 c - a scroll of immolation {unknown}
 d - a scroll of blinking {unknown}
 g - a scroll of poison {unknown}
 p - 2 scrolls of teleportation {unknown}
 v - 2 scrolls of amnesia {unknown}
Potions
 b - a potion of magic
 f - a potion of ambrosia
 l - a potion of might {unknown}
 q - a potion of mutation
 r - a potion of invisibility {unknown}
 u - a potion of degeneration {unknown}


   Skills:
 + Level 3.6 Fighting
 + Level 0.2 Ranged Weapons
 - Level 1.7 Dodging
 - Level 1.7 Stealth
 + Level 4.0 Spellcasting
 + Level 2.9 Summonings
 + Level 5.9 Ice Magic


You had 7 spell levels left.
You knew the following spells:

 Your Spells              Type           Power      Damage    Failure   Level
a - Freeze                Ice            100%       1d10      1%          1
b - Frozen Ramparts       Ice            78%        1d12      2%          3
c - Summon Ice Beast      Ice/Summ       31%        N/A       4%          3

Your spell library contained the following spells:

 Spells                   Type           Power      Damage    Failure   Level
 Ozocubu's Armour         Ice            39%        N/A       2%          3
 Shock                    Conj/Air       12%        1d3       9%          1
 Slow                     Hex            12%        N/A       9%          1
 Confusing Touch          Hex            3%         N/A       24%         3
 Dazzling Flash           Conj/Hex       6%         N/A       24%         3
 Mephitic Cloud           Conj/Alch/Air  3%         N/A       24%         3
 Sigil of Binding         Hex            3%         N/A       24%         3
 Swiftness                Air            3%         N/A       24%         3
 Vampiric Draining        Necr           3%         2d6       24%         3
 Airstrike                Air            1%         2d(1-17)  58%         4
 Curse of Agony           Necr           3%         N/A       89%         5
 Silence                  Hex/Air        1%         N/A       89%         5


Dungeon Overview and Level Annotations

Branches:
Dungeon (4/15)             Temple (0/1) D:4

Altars:


Innate Abilities, Weirdness & Mutations

You are surrounded by a moderate repulsion field. (EV +3)
You regenerate magic rapidly.
A meltable shield of frost defends you. (SH +0)
You have a small tail.


Message History

As you read the scroll of identify, it crumbles to dust.
f - a potion of ambrosia
Found 7 stones.
You now have 229 gold pieces (gained 11).
Found a stone staircase leading down.
a - a scroll of identify
v - 2 scrolls labelled JILYSHR TORA (gained 1)
You now have 240 gold pieces (gained 11).
A bombardier beetle comes into view.
You shoot an arrow. The arrow hits the bombardier beetle!
The arrow burns the bombardier beetle.
The bombardier beetle is severely wounded.
The bombardier beetle sprays incendiary fluid at you.
The burning spray hits you.
Your condensation shield dissipates!
You are covered in liquid fire!
You shoot an arrow.
The arrow closely misses the bombardier beetle.
The liquid fire burns you!
The bombardier beetle sprays incendiary fluid at you.
The burning spray hits you.
You are even more covered in liquid fire!
You shoot an arrow.
The arrow barely misses the bombardier beetle.
The liquid fire burns you!
You shoot an arrow. The arrow hits the bombardier beetle!
The arrow burns the bombardier beetle.
You kill the bombardier beetle!
The liquid fire burns you!
You are on fire!
The liquid fire burns you! The liquid fire burns you!
The liquid fire burns you!
* * * LOW HITPOINT WARNING * * *
The liquid fire burns you!
* * * LOW HITPOINT WARNING * * *
The liquid fire burns you!
* * * LOW HITPOINT WARNING * * *
The liquid fire burns you!
You die...

#.##...
########.##..
#........#
#........#
#........#
#........# ####
#.......##
###...##.
#.......#
#........
#....>..# #@#
####.#######.##.#
#............#
#########.####
#.# #.. ####


There were no monsters in sight!

Vanquished Creatures
  A hornet (D:4)
  An ogre (D:4)
  A kobold brigand (D:4)
  3 bombardier beetles (D:4)
  2 hounds (D:4)
  Jessica (D:3)
  Robin (D:2)
  6 adders
  A worm (D:2)
  3 dart slugs
  An orc (D:3)
  11 endoplasms
  3 giant cockroaches
  14 goblins
  12 hobgoblins
  2 jackals (D:3)
  7 quokkas
  7 ball pythons
  5 bats
  3 frilled lizards
  3 kobolds
  2 rats
90 creatures vanquished.

Notes
Turn   | Place    | Note
-------+----------+-------------------------------------------
     0 | D:1      | PublicAnimeNo1 the Demonspawn Ice Elementalist began the
                  | quest for the Orb.
     0 | D:1      | Reached XP level 1. HP: 13/13 MP: 3/3
   288 | D:1      | Gained mutation: You are surrounded by a mild repulsion
                  | field. (EV +2) [demonic ancestry]
   288 | D:1      | Reached XP level 2. HP: 20/20 MP: 1/5
   671 | D:1      | Reached skill level 4 in Ice Magic
   748 | D:1      | Reached skill level 1 in Fighting
  1131 | D:2      | Gained mutation: You are surrounded by a moderate repulsion
                  | field. (EV +3) [demonic ancestry]
  1131 | D:2      | Reached XP level 3. HP: 26/26 MP: 4/6
  1364 | D:2      | Noticed Robin
  1391 | D:2      | Killed Robin
  1919 | D:3      | Gained mutation: A meltable shield of frost defends you.
                  | (SH +0) [demonic ancestry]
  1919 | D:3      | Reached XP level 4. HP: 25/32 MP: 3/7
  2135 | D:3      | Learned a level 3 spell: Frozen Ramparts
  2139 | D:3      | Learned a level 3 spell: Summon Ice Beast
  2242 | D:3      | Noticed Jessica
  2257 | D:3      | Killed Jessica
  2578 | D:3      | Gained mutation: You have a small tail. [demonic ancestry]
  2578 | D:3      | Reached XP level 5. HP: 38/38 MP: 7/9
  2924 | D:4      | Identified 2 scrolls of acquirement
  2924 | D:4      | Acquired the +3 pair of gauntlets of War {Slay+5}
  2924 | D:4      | Found the +3 pair of gauntlets of War {Slay+5}
  2933 | D:4      | Acquired a staff of cold
  2979 | D:4      | Reached skill level 1 in Summonings
  2979 | D:4      | Reached skill level 5 in Ice Magic
  3164 | D:4      | Gained mutation: You regenerate magic rapidly. [demonic
                  | ancestry]
  3164 | D:4      | Reached XP level 6. HP: 35/46 MP: 4/10
  3509 | D:4      | Found a staircase to the Ecumenical Temple.
  3574 | D:4      | Acquired the +8 orcbow "Cecrareq" {flame, Int+2 Dex+3}
  3653 | D:4      | Noticed a hornet
  3664 | D:4      | Killed a hornet
  3665 | D:4      | Reached XP level 7. HP: 10/52 MP: 8/13
  3891 | D:4      | Incinerated by a bombardier beetle

Illustrated notes

Levels and vault maps discovered:
D:1:      kilobyte_arrival_exit_the_forest, layout_rooms
D:2:      layout_basic, grunt_ministairs_7, uniq_robin
D:3:      layout_basic, nicolae_elyvilon_temple_path, uniq_jessica
D:4:      layout_loops_cross, mainiacjoe_overflow_small_starburst,
          minmay_temple_entry_statues

Skill      XL: |  1  2  3  4  5  6 |
---------------+-------------------+-----
Ice Magic      | 4 5 |  5.9
Fighting       | 1 2 3 |  3.6
Spellcasting   | 3 4 |  4.0
Summonings     | 1 2 |  2.9
Ranged Weapons | |  0.2
Dodging        | |  1.7
Stealth        | |  1.7

Action                     |  1- 3 |  4- 6 |  7- 9 || total
---------------------------+-------+-------+-------++-------
  Melee: Unarmed           |     5 |       |       ||     5
         Whip              |     9 |       |       ||     9
         Trident           |    26 |    16 |       ||    42
         Punch             |       |     1 |       ||     1
         Staff             |       |    17 |       ||    17
         Tailslap          |       |     1 |       ||     1
   Fire: Orcbow            |       |    10 |     4 ||    14
   Cast: Freeze            |    54 |    55 |       ||   109
         Frozen Ramparts   |       |     1 |       ||     1
    Use: Scroll            |     2 |     3 |     1 ||     6
         Potion            |       |     1 |       ||     1
   Stab: Sleeping          |     5 |     5 |       ||    10
 Armour: Robe              |    13 |       |       ||    13
         Leather armour    |    10 |    52 |       ||    62
  Dodge: Dodged            |    58 |    32 |       ||    90
  Block: Other             |       |     7 |       ||     7

Table legend: (Time is in decaauts)
 A = Elapsed time spent in this place.
 B = Non-inter-level travel time spent in this place.
 C = Inter-level travel time spent in this place.
 D = Time resting spent in this place.
 E = Time spent auto-exploring this place.
 F = Levels seen in this place.
 G = Mean time per level.
                   A        B        C        D        E       F      G
               +--------+--------+--------+--------+--------+-----+--------+
         Total |   3937 |   3821 |    116 |    520 |   2646 |   4 |  984.2 |
       Dungeon |   3937 |   3821 |    116 |    520 |   2646 |   4 |  984.2 |
               +--------+--------+--------+--------+--------+-----+--------+

Top non-repeatable levels by time:
     D:1: 1026 daAuts
     D:4: 992 daAuts
     D:3: 984 daAuts
     D:2: 934 daAuts
